 Dungeon Crawl Stone Soup version 0.31-a0-532-g28f74ba3e5 (webtiles) character file.

Game seed: 12203179695905828332

355 randomguy2701 the Grave Robber (level 6, 0/32 HPs)
             Began as a Deep Elf Necromancer on Aug 13, 2023.
             Slain by an unseen horror (7 damage)
             ... on level 5 of the Dungeon.
             The game lasted 00:07:29 (3201 turns).

randomguy2701 the Grave Robber (DENe)               Turns: 3201, Time: 00:07:30

Health: 0/32       AC:  2    Str:  5    XL:     6   Next: 36%
Magic:  8/16       EV: 13    Int: 22    God:
Gold:   115        SH:  0    Dex: 19    Spells: 15/16 levels left

rFire   . . .        (no weapon)
rCold   . . .        (no shield)
rNeg    . . .        j - +0 robe of Xidgh {Rampage Dex+4}
rPois   .            (no helmet)
rElec   .            o - scarf {shadows}
rCorr   .            (no gloves)
SInv    .            (no boots)
Will    .....        (no amulet)
Stlth   ++           e - ring of flight
HPRegen 0.25/turn    (no ring)
MPRegen 0.15/turn

%: rampage
@: flying
A: no striking features
a: no special abilities


You were on level 5 of the Dungeon.
You visited 1 branch of the dungeon, and saw 5 of its levels.

You collected 115 gold pieces.

Inventory:

Hand Weapons
 k - a +2 antimagic shortbow
Armour
 a - a +0 robe
 j - the +0 robe of Xidgh (worn) {Rampage Dex+4}
   (You found it on level 3 of the Dungeon)

   Dex+4:     It affects your dexterity (+4).
   Rampage:   It bestows one free step when moving towards enemies.
 o - a scarf of shadows (worn)
Jewellery
 e - a ring of flight (left hand)
 i - a ring of resist corrosion
Scrolls
 d - 2 scrolls of identify
 h - a scroll of noise {unknown}
 l - a scroll of butterflies {unknown}
 m - a scroll of fog {unknown}
 n - a scroll of poison {unknown}
Potions
 b - 2 potions of magic
 c - 3 potions of mutation {unknown}
 f - 2 potions of haste {unknown}
 g - a potion of invisibility {unknown}


   Skills:
 + Level 4.1 Ranged Weapons
 + Level 2.6 Dodging
 + Level 2.8 Stealth
 - Level 0.1 Unarmed Combat
 + Level 5.6 Spellcasting
 + Level 6.7 Necromancy


You had 15 spell levels left.
You knew the following spells:

 Your Spells              Type           Power      Damage    Failure   Level
a - Necrotise             Necr           100%       1d9       1%          1

Your spell library contained the following spells:

 Spells                   Type           Power      Damage    Failure   Level
 Vampiric Draining        Necr           36%        2d8       1%          3
 Animate Dead             Necr           36%        N/A       6%          4
 Apportation              Tloc           12%        N/A       10%         1
 Sting                    Tmut/Pois      24%        1d4       10%         1
 Ensorcelled Hibernation  Hex/Ice        12%        N/A       14%         2
 Poisonous Vapours        Pois/Air       12%        N/A       14%         2
 Agony                    Necr           36%        N/A       16%         5
 Anguish                  Hex/Necr       10%        N/A       24%         4
 Ozocubu's Armour         Ice            6%         N/A       28%         3
 Olgreb's Toxic Radiance  Pois           6%         N/A       67%         4
 Alistair's Intoxication  Tmut/Pois      4%         N/A       95%         5
 Metabolic Englaciation   Hex/Ice        3%         N/A       95%         5
 Simulacrum               Ice/Necr       10%        N/A       98%         6


Dungeon Overview and Level Annotations

Branches:
Dungeon (5/15)
 Temple: D:4-7

Altars:
Cheibriados
Xom

Shops:
D:1 !   D:3 *


Message History

The sky beast closely misses your adder skeleton.
Okay, then.
Your adder skeleton bites the sky beast.
Your adder skeleton bites the sky beast but does no damage.
The sky beast hits your adder skeleton.
The sky beast shocks your adder skeleton.
The orc priest barely resists.
A scorpion comes into view.
Your adder skeleton bites the sky beast but does no damage.
The sky beast barely misses your adder skeleton.
The orc priest writhes in agony!
Something closely misses your adder skeleton.
Your adder skeleton misses the sky beast.
The sky beast hits your adder skeleton.
The sky beast shocks your adder skeleton.
Your adder skeleton is destroyed!
The orc priest calls down the wrath of Beogh upon you.
Pain shoots through your body!
The orc priest barely resists.
Your orc skeleton crumbles into dust!
An orc comes into view. It is wielding a +0 mace.
The sky beast flickers out of sight!
Deactivating autopickup; reactivate with Ctrl-A.
The orc priest hits you with a +0 dagger.
The orc priest writhes in agony!
You kill the orc priest!
The orc shouts!
The dead are walking!
Something hits you.
The scorpion stings your orc priest skeleton.
You are too injured to fight recklessly!
Casting: Necrotise (safe; 1% risk of failure)
Confirm with . or Enter, or press ? or * to list all spells.
Aiming: Necrotise (safe; 1% risk of failure)
Press: ? - help, Shift-Dir - straight line, f - orc
Aim: an orc, wielding a +0 mace and wearing a +0 leather armour (chance to affect: 93%)
Something writhes in agony.
Something hits you!
* * * LOW HITPOINT WARNING * * *
The scorpion stings your orc priest skeleton. x2
Something hits you!
You die...

. #.. ..#
#.#.#######.#
##.#.#.....#.#
#..........#.#
#...<....).#.#
#..[......##.###
##.............#
###########.#.#
......#.@..# #
#...){####.
#/#Z{.......#
#..s#.########
....o. .#...
#.#.. #...#.
......


You could see a scorpion (ally target), an orc and a friendly orc priest
skeleton.

Vanquished Creatures
  2 phantoms (D:3)
  2 orc priests
  An orc wizard (D:3)
  2 adders
  2 worms
  3 orcs
  5 ball pythons
  10 endoplasms
  4 giant cockroaches
  6 goblins
  15 hobgoblins
  4 jackals (D:3)
  8 kobolds
  5 quokkas
  8 bats
  3 rats
80 creatures vanquished.

Vanquished Creatures (collateral kills)
  An adder (D:3)
  A goblin (D:3)
  A frilled lizard (D:1)
  A kobold (D:2)
4 creatures vanquished.

Vanquished Creatures (others)
  An ogre (D:3)
  A gnoll (D:3)
  An endoplasm (D:3)
  2 giant cockroaches (D:3)
  A hobgoblin (D:3)
  A kobold (D:3)
7 creatures vanquished.

Grand Total: 91 creatures vanquished

Notes
Turn   | Place    | Note
-------+----------+-------------------------------------------
     0 | D:1      | randomguy2701 the Deep Elf Necromancer began the quest for
                  | the Orb.
     0 | D:1      | Reached XP level 1. HP: 10/10 MP: 6/6
    20 | D:1      | Reached skill level 5 in Necromancy
   168 | D:1      | Reached XP level 2. HP: 15/15 MP: 2/8
   298 | D:1      | Found Alide's Distillery.
   549 | D:1      | Reached XP level 3. HP: 16/19 MP: 6/10
  1678 | D:3      | Reached skill level 6 in Necromancy
  1678 | D:3      | Reached XP level 4. HP: 24/24 MP: 8/12
  1801 | D:3      | Reached skill level 5 in Spellcasting
  1893 | D:3      | Noticed an ogre
  1894 | D:3      | Found a shimmering altar of Xom.
  1895 | D:3      | Noticed a phantom
  1922 | D:3      | Killed an ogre
  2124 | D:3      | Reached XP level 5. HP: 28/28 MP: 7/14
  2130 | D:3      | Identified the +0 robe of Xidgh {Rampage Dex+4}
  2405 | D:3      | Found Badomin's General Store.
  2426 | D:3      | Noticed a phantom
  2439 | D:3      | Killed a phantom
  2692 | D:3      | Killed a phantom
  2693 | D:3      | Reached XP level 6. HP: 18/32 MP: 4/16
  2888 | D:4      | Found a snail-covered altar of Cheibriados.
  3160 | D:5      | Entered Level 5 of the Dungeon
  3189 | D:5      | Noticed a sky beast
  3201 | D:5      | Slain by an unseen horror

Illustrated notes

Levels and vault maps discovered:
D:1:      ebering_trefoil_twist, layout_loops_ring, serial_shops, shop
D:2:      layout_loops_ring
D:3:      layout_basic, xom_confusion_cloud, serial_shops, shop
D:4:      layout_basic, lemuel_crystal_altar, minmay_temple_entry_glass,
          serial_corexii_hall, corexii_hall_statues_t, corexii_hall_statues_i,
          minmay_misc_feat_encased, uniq_menkaure
D:5:      cheibrodos_fzero, layout_basic,
          nicolae_overflow_guarded_unrand_okawaru_victory, enter_ossuary_2,
          uniq_ijyb, uniq_edmund, uniq_duvessa, uniq_eustachio,
          uniq_crazy_yiuf_cottage

Skill      XL: |  1  2  3  4  5  6 |
---------------+-------------------+-----
Necromancy     | 5 6 |  6.7
Spellcasting   | 4 5 |  5.6
Ranged Weapons | 3 4 |  4.1
Dodging        | |  2.6
Stealth        | |  2.8
Unarmed Combat | |  0.1

Action                     |  1- 3 |  4- 6 || total
---------------------------+-------+-------++-------
  Melee: Unarmed           |     3 |     1 ||     4
   Fire: Shortbow          |       |    55 ||    55
   Cast: Necrotise         |    68 |    54 ||   122
    Use: Scroll            |       |     2 ||     2
 Armour: Robe              |     5 |     2 ||     7
  Dodge: Dodged            |     7 |    25 ||    32

Table legend: (Time is in decaauts)
 A = Elapsed time spent in this place.
 B = Non-inter-level travel time spent in this place.
 C = Inter-level travel time spent in this place.
 D = Time resting spent in this place.
 E = Time spent auto-exploring this place.
 F = Levels seen in this place.
 G = Mean time per level.
                   A        B        C        D        E       F      G
               +--------+--------+--------+--------+--------+-----+--------+
         Total |   3217 |   3068 |    149 |      0 |   2605 |   5 |  643.4 |
       Dungeon |   3217 |   3068 |    149 |      0 |   2605 |   5 |  643.4 |
               +--------+--------+--------+--------+--------+-----+--------+

Top non-repeatable levels by time:
     D:3: 1162 daAuts
     D:1: 885 daAuts
     D:2: 854 daAuts
     D:4: 274 daAuts
     D:5: 40 daAuts
